 Dungeon Crawl Stone Soup version 0.29.1-15-g9cfb28693d (webtiles) character file.

Game seed: 11892725562487508802

225 monsoonserge the Grave Robber (level 5, -6/38 HPs)
             Began as a Palentonga Necromancer on Apr 30, 2023.
             Mangled by a gnoll
             ... wielding a +0 halberd
             ... led by a gnoll bouda
              (11 damage)
             ... on level 4 of the Dungeon.
             The game lasted 00:12:13 (2966 turns).

monsoonserge the Grave Robber (PaNe)                Turns: 2966, Time: 00:12:14

Health: -6/38      AC:  5    Str: 18    XL:     5   Next: 68%
Magic:  1/8        EV:  9    Int: 22    God:
Gold:   168        SH:  3    Dex:  9    Spells: 4/8 levels left

rFire   . . .      SeeInvis +   y - +2 mace (vorpal)
rCold   . . .      Faith    .   w - +0 buckler
rNeg    + . .      Spirit   .   a - +0 robe
rPois   .          Reflect  .   (no helmet)
rElec   .          Harm     .   B - +0 cloak {Will+}
rCorr   .          Rampage  .   (no gloves)
Will    +....                   (no barding)
Stlth   ++........              (no amulet)
HPRegen 0.12/turn               c - +6 ring of intelligence
MPRegen 0.11/turn               o - ring of positive energy

@: weakened
A: large, rugged brown scales 3, see invisible, deformed body, roll 1, armoured
tail, strong 1, no potion heal 1
a: Rolling Charge


You were on level 4 of the Dungeon.
You visited 1 branch of the dungeon, and saw 4 of its levels.

You collected 168 gold pieces.

Inventory:

Hand Weapons
 h - a +0 sling
 x - a +4 short sword
 y - a +2 vorpal mace (weapon)
Missiles
 i - 14 stones
 j - 5 poisoned darts
 C - 4 atropa-tipped darts
Armour
 a - a +0 robe (worn)
 w - a +0 buckler (worn)
 B - a +0 cloak of willpower (worn)
Jewellery
 c - a +6 ring of intelligence (left hand)
 o - a ring of positive energy (right hand)
Scrolls
 d - 3 scrolls of immolation {unknown}
 f - 2 scrolls of teleportation {unknown}
 k - 4 scrolls of identify {unknown}
 m - a scroll of noise {unknown}
 n - a scroll of vulnerability {unknown}
 r - a scroll of torment {unknown}
 s - a scroll of brand weapon {unknown}
 u - a scroll of summoning {unknown}
 v - a scroll of fog {unknown}
Potions
 b - 2 potions of magic
 e - a potion of attraction {unknown}
 g - a potion of invisibility {unknown}
 l - a potion of mutation
 p - a potion of curing {unknown}
 q - a potion of haste {unknown}
 t - a potion of cancellation {unknown}
 z - a potion of ambrosia {unknown}
 A - a potion of might {unknown}


   Skills:
 + Level 0.5 Fighting
 + Level 1.3 Maces & Flails
 + Level 2.1 Dodging
 + Level 1.7 Stealth
 * Level 1.4 Shields
 - Level 2.0 Spellcasting
 + Level 5.9 Necromancy


You had 4 spell levels left.
You knew the following spells:

 Your Spells              Type           Power      Damage    Failure   Level
a - Necrotise             Necr           100%       1d9       1%          1
b - Vampiric Draining     Necr           28%        2d8       4%          3

Your spell library contained the following spells:

 Spells                   Type           Power      Damage    Failure   Level
 Animate Dead             Necr           28%        N/A       14%         4
 Dazzling Flash           Conj/Hex       4%         N/A       45%         3
 Iskenderun's Mystic Bla  Conj/Tloc      2%         2d3       86%         4
 Agony                    Necr           28%        N/A       38%         5
 Starburst                Conj/Fire      1%         6d3       100%        6


Dungeon Overview and Level Annotations

Branches:
Dungeon (4/15)
 Temple: D:4-7

Altars:


Innate Abilities, Weirdness & Mutations

You are completely covered in rugged brown scales. (AC +3, +7% HP)
You have supernaturally acute eyesight. (SInv)
Armour fits poorly on your strangely shaped body.
You can roll at nearby foes to attack.
You have a long armoured tail.
Your muscles are strong. (Str +4, Int/Dex -1)
Potions are less effective at restoring your health.


Message History

The gnoll shouts!
The gnoll hits you with a +0 club. You block the gnoll bouda's attack.
Press: ? - help, v - describe, . - travel, g - get item
Here: a gnoll bouda, wielding a +3 whip and wearing a +0 robe (almost dead) Item here: a +0 halberd.
The floor.
Casting: Vampiric Draining (dangerous; 4% risk of failure)
Confirm with . or Enter, or press ? or * to list all spells.
Aiming: Necrotise (safe; 1% risk of failure)
Press: ? - help, Shift-Dir - straight line, f/p - gnoll bouda
Aim: a gnoll bouda, wielding a +3 whip and wearing a +0 robe (almost dead, chance to affect: 83%)
The gnoll bouda barely resists.
The gnoll bouda gazes fiercely through you!
You feel your attacks grow feeble.
The gnoll bouda hits you with a +3 whip.
* * * LOW HITPOINT WARNING * * *
Casting: Necrotise (safe; 1% risk of failure)
Confirm with . or Enter, or press ? or * to list all spells.
Aiming: Necrotise (safe; 1% risk of failure)
Press: ? - help, Shift-Dir - straight line, f/p - gnoll bouda
Aim: a gnoll bouda, wielding a +3 whip and wearing a +0 robe (almost dead, chance to affect: 83%)
The gnoll bouda writhes in agony!
You kill the gnoll bouda!
The dead are walking!
The gnoll hits you with a +0 club.
* * * LOW HITPOINT WARNING * * *
The gnoll barely misses you.
Press: ? - help, v - describe, . - travel, g - get item
Here: a gnoll, wielding a +0 club (covering ground quickly, ally target)
Items here: a +0 whip; a gnoll corpse.
The floor, spattered with blood.
Press: ? - help, v - describe, . - travel, g - get item
Here: a gnoll, wielding a +0 club (covering ground quickly, ally target)
Items here: a +0 whip; a gnoll corpse.
The floor, spattered with blood.
It was a potion of mutation.
You feel extremely strange.
Your system partially rejects the healing effects of potions.
You feel stronger.
The gnoll hits your gnoll bouda skeleton with a +0 club!
The gnoll hits you from afar with a +0 halberd!
You die...

#.# .# ..#
#.# #.# #.#
#.# #.#
#.###.# ###
#...#.# ...
#.#.#.# #g#
#.#...#
##g.#
#.##..###@Z#
#.###.#...##
#.# #>..###
#[# #####
#.# #.#
#######.#
#....##.#
##.##.##.#


You could see 2 gnolls and a friendly gnoll bouda skeleton.

Vanquished Creatures
  A gnoll bouda (D:4)
  An iguana (D:4)
  Natasha (twice) (D:3)
  3 gnolls (D:4)
  2 adders (D:2)
  An ufetubus (D:4)
  A worm (D:3)
  A dart slug (D:2)
  An orc (D:3)
  8 ball pythons
  8 bats
  4 endoplasms
  2 giant cockroaches
  8 goblins
  2 hobgoblins
  6 kobolds
  2 quokkas
  9 frilled lizards
  5 rats
67 creatures vanquished.

Vanquished Creatures (collateral kills)
  A bat (D:3)
  A frilled lizard (D:1)
2 creatures vanquished.

Grand Total: 69 creatures vanquished

Notes
Turn   | Place    | Note
-------+----------+-------------------------------------------
     0 | D:1      | monsoonserge the Palentonga Necromancer began the quest for
                  | the Orb.
     0 | D:1      | Reached XP level 1. HP: 13/13 MP: 3/3
   340 | D:1      | Reached XP level 2. HP: 18/20 MP: 1/5
   374 | D:1      | Found a faded altar of an unknown god.
   859 | D:2      | Reached XP level 3. HP: 25/25 MP: 2/6
  1447 | D:2      | Reached skill level 5 in Necromancy
  1552 | D:2      | Learned a level 3 spell: Vampiric Draining
  1932 | D:3      | Reached XP level 4. HP: 32/32 MP: 4/7
  2411 | D:3      | Noticed Natasha
  2417 | D:3      | Killed Natasha
  2510 | D:3      | Noticed Natasha
  2513 | D:3      | Killed Natasha
  2514 | D:3      | Reached skill level 1 in Shields
  2640 | D:4      | Reached skill level 1 in Maces & Flails
  2640 | D:4      | Reached XP level 5. HP: 7/37 MP: 0/8
  2966 | D:4      | Gained mutation: Potions are less effective at restoring
                  | your health. [potion of mutation]
  2966 | D:4      | Gained mutation: Your muscles are strong. (Str +4, Int/Dex
                  | -1) [potion of mutation]
  2966 | D:4      | Mangled by a gnoll

Illustrated notes

Levels and vault maps discovered:
D:1:      wander_arrival_fairy_ring, layout_basic,
          hellmonk_ecumenical_altar_arch_garden
D:2:      layout_basic
D:3:      layout_basic, kennysheep_generic_room_14, uniq_natasha
D:4:      layout_basic, gammafunk_ghost_necromancy

Skill      XL: |  1  2  3  4 |
---------------+-------------+-----
Dodging        | 2 |  2.1
Necromancy     | 5 |  5.9
Shields        | 1 |  1.4
Maces & Flails | 1 |  1.3
Fighting       | |  0.5
Stealth        | |  1.7
Spellcasting   | |  2.0

Action                   |  1- 3 |  4- 6 || total
-------------------------+-------+-------++-------
Melee: Club              |    24 |       ||    24
       Unarmed           |     1 |       ||     1
       Whip              |    18 |       ||    18
       Tailslap          |     8 |     3 ||    11
       Mace              |    14 |    24 ||    38
       Dagger            |     2 |       ||     2
       Punch             |     1 |       ||     1
 Cast: Necrotise         |    40 |    30 ||    70
       Vampiric Draining |       |     2 ||     2
 Abil: Rolling Charge    |    14 |     6 ||    20
  Use: Potion            |       |     1 ||     1
 Stab: Sleeping          |     1 |     1 ||     2
Armor: Robe              |    33 |     6 ||    39
Dodge: Dodged            |    33 |    15 ||    48
Block: Buckler           |       |     2 ||     2
